[Event "Early-Titled-Tuesday-Blitz-January-23-2024"]
[Site "Chess.com"]
[Date "2024.01.23"]
[Round "3"]
[White "GeorgiosSouleidis"]
[Black "Sofia_Blokhin"]
[Result "1-0"]
[WhiteElo "2648"]
[BlackElo "2304"]
[TimeControl "180+1"]
[EndTime "8:26:37 PST"]
[Termination "GeorgiosSouleidis won on time"]

1. e4 c5 2. Be2 e6 3. d3 Nc6 4. f4 d5 5. Nf3 Nf6 6. e5 Nd7 7. O-O Be7 8. c4 Nb6 9. a4 a5 10. Nc3 Nb4 11. Nb5 O-O 12. b3 Bd7 13. Bb2 Bc6 14. Rc1 Qd7 15. Qe1 Rfd8 16. Qg3 Kh8 17. f5 Bf8 18. fxe6 fxe6 19. Ng5 Re8 20. Qh3 h6 21.
Bh5 Re7 22. Bg6 Kg8 23. Bf7+ Kh8 24. Bxe6 Rxe6 25. Nxe6 Be7 26. Rf7 Re8 27. Rxg7 1-0

[Event "Early-Titled-Tuesday-Blitz-January-23-2024"]
[Site "Chess.com"]
[Date "2024.01.23"]
[Round "3"]
[White "Djager97"]
[Black "tigurones"]
[Result "1/2-1/2"]
[WhiteElo "2581"]
[BlackElo "2382"]
[TimeControl "180+1"]
[EndTime "8:26:38 PST"]
[Termination "Game drawn by agreement"]

1. e4 c5 2. Nf3 Nc6 3. Bb5 g6 4. O-O Bg7 5. c3 e5 6. d4 cxd4 7. cxd4 exd4 8. Bf4 a6 9. Bd3 d6 10. Nbd2 Nge7 11. Nc4 O-O 12. Nxd6 Bg4 13. h3 Bxf3 14.
Qxf3 Ne5 15. Bxe5 Bxe5 16. Nc4 Nc6 17. Qe2 b5 18. Nxe5 Nxe5 19. f4 Nd7 20. e5 Rc8 21. Rae1 Nc5 22. f5 Qg5 23. e6 fxe6 24. fxe6 Rxf1+ 25. Qxf1 Rf8 26. Qe2 Re8 27. e7 Qe3+ 28. Qxe3 dxe3 29. Rxe3 Nxd3 30. Rxd3 Rxe7 31. Rd6 Re2 32.
Rxa6 Rxb2 33. Ra7 b4 34. Kh2 Rb1 35. Kg3 Ra1 36. Rb7 Rxa2 37. Rxb4 1/2-1/2

[Event "Early-Titled-Tuesday-Blitz-January-23-2024"]
[Site "Chess.com"]
[Date "2024.01.23"]
[Round "3"]
[White "AndresDelgado77"]
[Black "Zallio"]
[Result "0-1"]
[WhiteElo "2390"]
[BlackElo "2189"]
[TimeControl "180+1"]
[EndTime "8:26:38 PST"]
[Termination "Zallio won by resignation"]

1. e4 e6 2. d4 d5 3. e5 c5 4.
c3 Nc6 5. Nf3 Bd7 6. a3 Nge7 7.
b4 cxd4 8. cxd4 Ng6 9. h4 h5 10. Nc3 Be7 11. Bd3 Nxh4 12. Nxh4 Bxh4 13. g3 Be7 14. Rxh5 Rxh5 15. Qxh5 Qb6 16. Na4 Qxd4 17. Qh8+ Bf8 18. Be3 Qxa1+ 19. Ke2 O-O-O 20. Qh5 g6 21. Qh7 Nxe5 22. Nc5 Nxd3 23. Kxd3 Bb5+ 24. Kd2 d4 25. Bf4 Qc3+ 26. Kd1 Bxc5 27. Qxf7 Ba4+ 28. Ke2 d3+ 29. Kf1 Bd7 30. bxc5 d2 31. c6 d1=Q+ 0-1

[Event "Early-Titled-Tuesday-Blitz-January-23-2024"]
[Site "Chess.com"]
[Date "2024.01.23"]
[Round "3"]
[White "Roman_Ovetchkin"]
[Black "Sargsyan_Shant"]
[Result "0-1"]
[WhiteElo "2660"]
[BlackElo "2920"]
[TimeControl "180+1"]
[EndTime "8:26:40 PST"]
[Termination "Sargsyan_Shant won by resignation"]

1. d4 g6 2. e4 Nf6 3. e5 Nh5 4. Be2 d6 5. Nf3 Bg7 6. O-O dxe5 7. Nxe5 Bxe5 8. dxe5 Qxd1 9. Rxd1 Nc6 10. f4 Ng7 11. Nc3 Bf5 12. Nb5 Ne6 13. c3 a6 14.
Nd4 Nexd4 15. cxd4 O-O-O 16. Be3 Nb4 17. Bf2 h5 18. a3 Nd5 19. g3 Bg4 20. Kf1 Kd7 21.
Rd2 Bxe2+ 22. Kxe2 Ke6 23. Kf3 c6 24. Rc1 Rd7 25.
h3 f5 26. h4 Rhd8 27. Rcd1 Nc7 28. Ke2 Rd5 29. Kd3 c5 30. Kc2 c4 31. Kc3 b5 32.
b3 cxb3 33. Kxb3 Kd7 34. Rc2 Ne6 35. Rdc1 Rxd4 36. Bxd4 Nxd4+ 37. Kb4 Nxc2+ 38. Rxc2 Rc8 39. e6+ Kd8 40. Rd2+ Ke8 41. Rd3 Rc6 42. Re3 Kd8 43. Rd3+ Kc8 44. Re3 Kb7 45. Kb3 Kb6 46. a4 a5 47. axb5 Kxb5 48. Re5+ Rc5 49. Re3 a4+ 50. Ka3 Rc4 51. Re5+ Kc6 52. Ra5 Rc3+ 53. Kb4 Rxg3 54. Rxa4 Kd5 0-1

[Event "Early-Titled-Tuesday-Blitz-January-23-2024"]
[Site "Chess.com"]
[Date "2024.01.23"]
[Round "3"]
[White "EvilMorty23"]
[Black "Chessdude1987"]
[Result "1-0"]
[WhiteElo "2506"]
[BlackElo "2277"]
[TimeControl "180+1"]
[EndTime "8:26:40 PST"]
[Termination "EvilMorty23 won on time"]

1. e4 e6 2. d4 d5 3. Nd2 c5 4. Ngf3 cxd4 5. exd5 Qxd5 6. Bc4 Qd6 7. O-O Nf6 8. Nb3 Nc6 9. Nbxd4 Nxd4 10. Nxd4 Be7 11. Nb5 Qc6 12. Bf4 O-O 13. Qe2 a6 14. Nd4 Qc5 15. Be3 Qc7 16. a4 b6 17. Rad1 Bb7 18. Bg5 Rfe8 19. Rfe1 Nd5 20. Nxe6 Bxg5 21. Nxc7 Rxe2 22. Rxe2 Nxc7 23. Rd7 Rd8 24. Red2 Rc8 25. f4 Bf6 26. Rxf7 Kh8 27. Rdd7 Bc6 28. Rxc7 Bd4+ 29. Kf1 1-0

[Event "Early-Titled-Tuesday-Blitz-January-23-2024"]
[Site "Chess.com"]
[Date "2024.01.23"]
[Round "3"]
[White "nindjaxx8"]
[Black "BashirliSaadat"]
[Result "1-0"]
[WhiteElo "2595"]
[BlackElo "2416"]
[TimeControl "180+1"]
[EndTime "8:26:41 PST"]
[Termination "nindjaxx8 won by resignation"]

1. d4 Nf6 2. c4 g6 3. Nc3 Bg7 4. Nf3 d6 5. Bf4 O-O 6. e3 c5 7. Be2 Nc6 8. O-O Re8 9. dxc5 dxc5 10. Qc1 e5 11. Rd1 Qe7 12. Bg5 Be6 13. Nd5 Bxd5 14. cxd5 Nb8 15. d6 Qd7 16. Bxf6 Bxf6 17. Qxc5 e4 18.
Nd4 Nc6 19. Nxc6 bxc6 20. Rab1 Rab8 21. b3 Re5 22. Qa3 Rd5 23. Bc4 Rxd1+ 24. Rxd1 Be5 25. Qc5 Qg4 26. Rf1 Qh5 27. g3 Rd8 28. Qxc6 Bxd6 29.
Qxe4 Kg7 30. Qb7 Qf5 31. Qxa7 Bc5 32. Qc7 Rd2 33. Bxf7 Kf8 34. Be6 Qe5 35. Qxe5 1-0

[Event "Early-Titled-Tuesday-Blitz-January-23-2024"]
[Site "Chess.com"]
[Date "2024.01.23"]
[Round "3"]
[White "WhiteKnight2612"]
[Black "RantomOpening"]
[Result "1-0"]
[WhiteElo "2861"]
[BlackElo "2520"]
[TimeControl "180+1"]
[EndTime "8:26:44 PST"]
[Termination "WhiteKnight2612 won by resignation"]

1. e4 c5 2. Nf3 e6 3. c4 Nc6 4. Nc3 Nf6 5. h3 d5 6. e5 Nd7 7. cxd5 exd5 8. Bb5 a6 9. Bxc6 bxc6 10. O-O Be7 11. d4 cxd4 12. Nxd4 Nxe5 13. Re1 Qd6 14. Qe2 f6 15. f4 Ng6 16. h4 Nxh4 17. Nxc6 Nf5 18. Nxe7 Nxe7 19. Nxd5 Kf7 20. Qxe7+ Qxe7 21. Rxe7+ Kg6 22. Nb6 Rb8 23. Nxc8 Rbxc8 24. f5+ Kxf5 25. Rxg7 Rc2 26. b3 Re8 27. Ba3 Ree2 28. Rf1+ Ke6 29. Re7+ Kd5 30. Rf5+ Kd4 31. Rxe2 Rxe2 32. Rf2 Re6 33.
Rxf6 Re1+ 34. Kh2 Ra1 35. Rxa6 1-0

[Event "Early-Titled-Tuesday-Blitz-January-23-2024"]
[Site "Chess.com"]
[Date "2024.01.23"]
[Round "3"]
[White "Andrey_Klymchuk"]
[Black "sergeikim"]
[Result "0-1"]
[WhiteElo "2759"]
[BlackElo "2528"]
[TimeControl "180+1"]
[EndTime "8:26:48 PST"]
[Termination "sergeikim won by checkmate"]

1. e4 e5 2. Nf3 Nc6 3. Bb5 a6 4.
Bxc6 dxc6 5. O-O f6 6. d4 exd4 7. Nxd4 Ne7 8. Nc3 Ng6 9. Be3 Bb4 10. f4 Bxc3 11. bxc3 O-O 12. Qf3 Qe8 13. Rae1 Bd7 14.
Bc1 c5 15. Nf5 Bc6 16. Re3 Rd8 17. Qh5 Ne7 18. Nxe7+ Qxe7 19. f5 Qf7 20. Qh4 Qxa2 21. Rh3 h6 22. Bxh6 gxh6 23. Qxh6 Kf7 24. Qg6+ Ke7 25. Rh7+ Rf7 26. e5 Rxh7 27. Qxh7+ Qf7 28. exf6+ Kf8 29. Qh6+ Kg8 30. Qg5+ Kf8 31. Qh6+ Kg8 32. Rf4 Rd1+ 33. Kf2 Rd2+ 34. Ke3 Rxg2 35. Rh4 Qe8+ 36. Kf4 Qe4# 0-1

[Event "Early-Titled-Tuesday-Blitz-January-23-2024"]
[Site "Chess.com"]
[Date "2024.01.23"]
[Round "3"]
[White "samirliberec"]
[Black "bazar-wokzal"]
[Result "0-1"]
[WhiteElo "2342"]
[BlackElo "2565"]
[TimeControl "180+1"]
[EndTime "8:26:49 PST"]
[Termination "bazar-wokzal won by resignation"]

1. e4 c5 2. Nf3 d6 3. Bb5+ Nd7 4. O-O a6 5. Bd3 b5 6. c3 c4 7. Bc2 Bb7 8. Re1 Ngf6 9. d3 cxd3 10. Bxd3 e5 11.
Bg5 Be7 12. a4 bxa4 13. Rxa4 O-O 14. Bxf6 Nxf6 15. Nbd2 a5 16. b4 axb4 17. cxb4 d5 18. Rxa8 Bxa8 19. exd5 Bxb4 20. Rxe5 Bxd5 21. Qc2 Qa8 22.
Ne1 Rc8 23. Qd1 Bc3 24. h3 Bxe5 0-1

[Event "Early-Titled-Tuesday-Blitz-January-23-2024"]
[Site "Chess.com"]
[Date "2024.01.23"]
[Round "3"]
[White "AlexTruskavetsky"]
[Black "nihalsarin"]
[Result "0-1"]
[WhiteElo "2689"]
[BlackElo "3185"]
[TimeControl "180+1"]
[EndTime "8:26:50 PST"]
[Termination "nihalsarin won by checkmate"]

1. d4 b5 2. e4 b4 3. c3 e6 4.
Bd3 Ba6 5. Nf3 Bxd3 6. Qxd3 Nf6 7. O-O Be7 8. e5 Nd5 9. c4 Nb6 10. d5 O-O 11. d6 cxd6 12. exd6 Bf6 13. c5 Nd5 14.
Nbd2 Qa5 15. Ne4 Qa6 16. Qc2 Nc6 17. Bg5 Bxg5 18. Nexg5 f5 19. Rad1 h6 20. Nh3 Rac8 21. Rxd5 exd5 22. Nf4 Qxa2 23. Qd2 Rfe8 24. Nxd5 Qc4 25.
Rc1 Qe2 26. Ne7+ Rxe7 27. dxe7 Qxd2 28. Nxd2 Nxe7 29. Nb3 Kf7 30. Rd1 Rc7 31. f3 Nc6 32. Kf2 a5 33. Ra1 Ra7 34. Nd2 Ke6 35. Rc1 Kd5 36.
Nc4 a4 37. Nb6+ Kd4 38. Rd1+ Kxc5 39. Nxd7+ Kb5 40. Rd5+ Kc4 41. Rc5+ Kb3 42. Nb6 Nd4 43. Rd5 Nc2 44. Rxf5 Ra6 45. Nd5 Kxb2 46. Rf4 b3 47.
Nc7 Ra5 48. Ne6 a3 49. Nd4 Nxd4 50. Rxd4 a2 51. Rd2+ Kc3 52. Rd1 a1=Q 53. Rxa1 Rxa1 54. f4 b2 55. f5 b1=Q 56. f6 Qf5+ 57. Kg3 Qxf6 58.
Kh3 Ra4 59. g4 Qf3+ 60. Kh4 Qxg4# 0-1

[Event "Early-Titled-Tuesday-Blitz-January-23-2024"]
[Site "Chess.com"]
[Date "2024.01.23"]
[Round "3"]
[White "viktorgen2021"]
[Black "lularobs"]
[Result "1-0"]
[WhiteElo "2531"]
[BlackElo "1575"]
[TimeControl "180+1"]
[EndTime "8:26:51 PST"]
[Termination "viktorgen2021 won on time"]

1. d4 d5 2. c4 dxc4 3. e3 Nf6 4.
Nf3 e6 5. Bxc4 a6 6. O-O b5 7. Be2 Bb7 8. b3 c5 9. Bb2 Nc6 10. dxc5 Qxd1 11. Rxd1 Bxc5 12. Nc3 O-O 13. Rac1 Be7 14.
Bd3 Nb4 15. Bb1 Rfd8 16. Nd4 Rac8 17. a3 Nbd5 18. Ne4 b4 19. axb4 Nxb4 20. Nc3 Nfd5 21.
Na4 g6 22. Nf3 Bf8 23. Kf1 Bg7 24. Bxg7 Kxg7 25. Ke1 h6 26. Nc5 Ba8 27. Nd4 Nc6 28. Ncxe6+ fxe6 29. Nxe6+ Kf7 30. Nxd8+ Rxd8 31. e4 1-0

[Event "Early-Titled-Tuesday-Blitz-January-23-2024"]
[Site "Chess.com"]
[Date "2024.01.23"]
[Round "3"]
[White "NovozhilovSemen"]
[Black "tolimachess"]
[Result "1-0"]
[WhiteElo "2661"]
[BlackElo "2482"]
[TimeControl "180+1"]
[EndTime "8:26:52 PST"]
[Termination "NovozhilovSemen won by checkmate"]

1. d4 Nf6 2. Nf3 g6 3. Nc3 Bg7 4. e4 O-O 5. Be3 d5 6. e5 Ng4 7. Bg5 c5 8. h3 cxd4 9. Qxd4 Nc6 10. Qxd5 Ngxe5 11. O-O-O Qxd5 12. Nxd5 Nxf3 13. gxf3 f6 14. Be3 Kf7 15. Bb5 Be6 16. Nc7 Rac8 17. Nxe6 Kxe6 18.
Bc4+ Kf5 19. Rd5+ e5 20. Rd6 e4 21. Be6+ Ke5 22. Rhd1 exf3 23. Bd7 Rce8 24. Bxe8 Rxe8 25.
Rd7 Ne7 26. Rxb7 Nf5 27. Bxa7 Bh6+ 28. Kb1 Rc8 29. a4 Bf8 30. a5 Bc5 31. Bxc5 Rxc5 32. a6 Ra5 33. a7 Nd4 34. Re7+ Kd6 35. Rxh7 Ke5 36. Re7+ Kd6 37. Re4 Rxa7 38. Rdxd4+ Kc5 39. Rd3 f5 40. Re5+ Kc4 41. b3+ Kb4 42. Kb2 Rc7 43.
Rd4+ Rc4 44. Rxc4# 1-0

[Event "Early-Titled-Tuesday-Blitz-January-23-2024"]
[Site "Chess.com"]
[Date "2024.01.23"]
[Round "3"]
[White "Larina_Maria"]
[Black "jup1978"]
[Result "1-0"]
[WhiteElo "2186"]
[BlackElo "2400"]
[TimeControl "180+1"]
[EndTime "8:26:52 PST"]
[Termination "Larina_Maria won by resignation"]

1. e4 e6 2. Nf3 d5 3. e5 c5 4.
b4 d4 5. bxc5 Nc6 6. Bd3 Qc7 7.
Qe2 Bxc5 8. O-O Nge7 9. Ba3 Bxa3 10. Nxa3 a6 11. Nc4 O-O 12. Nd6 h6 13. Qe4 Ng6 14. h4 Ncxe5 15. Nxe5 Qxd6 16. Nxg6 fxg6 17. Qxg6 Rf6 18. Qh7+ Kf7 19. h5 Qf8 20. Rab1 Ke7 21. Qe4 Rf4 22. Qe2 Qe8 23. Rfe1 Qxh5 24. Qxh5 Rf6 25.
Qc5+ Kf7 26. Qc7+ Kf8 27. Qd8+ Kf7 28. Qc7+ Kf8 29. Be4 h5 30. Bxb7 Bxb7 31. Qxb7 Re8 32. Qb4+ Re7 33. Qd6 Kf7 34. Rb6 h4 35. Qxd4 h3 36.
gxh3 Rg6+ 37. Kh2 Rf6 38. Re2 Kf8 39. Qd8+ Kf7 40. Qd6 Rg6 41. Rxa6 Rf6 42. c4 g5 43. c5 g4 44. hxg4 Kg6 45. Qd3+ Kg5 46. Kg3 Ref7 47. Qe3+ Kg6 48. f4 Kg7 49. Rxe6 1-0

[Event "Early-Titled-Tuesday-Blitz-January-23-2024"]
[Site "Chess.com"]
[Date "2024.01.23"]
[Round "3"]
[White "malakismayil"]
[Black "DvaHrasta"]
[Result "0-1"]
[WhiteElo "2574"]
[BlackElo "2425"]
[TimeControl "180+1"]
[EndTime "8:26:53 PST"]
[Termination "DvaHrasta won by resignation"]

1. e4 c6 2. d4 d5 3. Nc3 dxe4 4.
Nxe4 Nf6 5. Nxf6+ exf6 6. c3 Bd6 7. Bd3 O-O 8. Ne2 Qc7 9. Qc2 h6 10. Bd2 Re8 11. O-O-O c5 12. c4 Nc6 13. d5 Ne5 14.
Nc3 a6 15. Rhe1 Bd7 16. Ne4 b5 17. g3 bxc4 18. Bxc4 Bb5 19. Bf1 Nf3 20. Re3 Bxf1 21. Rxf1 Nxh2 22. Rfe1 Ng4 23. R3e2 Ne5 24. Bxh6 f5 25.
Nxd6 Qxd6 26. Bf4 f6 27. Qxf5 Qxd5 28. Bxe5 fxe5 29. Rxe5 Rxe5 30. Rxe5 Qxa2 31. Rxc5 Rd8 32. Rc8 Qa1+ 33. Kc2 Qd1+ 34. Kc3 Qc1+ 35. Kb3 Qxc8 0-1

[Event "Early-Titled-Tuesday-Blitz-January-23-2024"]
[Site "Chess.com"]
[Date "2024.01.23"]
[Round "3"]
[White "Chernobay_Artem"]
[Black "Grandelicious"]
[Result "0-1"]
[WhiteElo "2609"]
[BlackElo "2902"]
[TimeControl "180+1"]
[EndTime "8:26:56 PST"]
[Termination "Grandelicious won by resignation"]

1. d4 Nf6 2. c4 d6 3. Nf3 g6 4. Nc3 Bg7 5. e4 O-O 6. Be2 e5 7. O-O b6 8. Bg5 h6 9. Bh4 Nbd7 10. Qd2 exd4 11. Qxd4 Bb7 12. Qe3 Re8 13. Nd2 Nc5 14.
f4 Qd7 15. Bf3 d5 16. Bxf6 d4 17. Qe2 Bxf6 18. Nd5 Bxd5 19. cxd5 d3 20. Qf2 Bxb2 21. Rab1 Bc3 22. e5 Qa4 23. Kh1 Qxf4 24. d6 Qxd2 25. Qxd2 Bxd2 26. Bxa8 Rxa8 27. dxc7 Rc8 0-1

[Event "Early-Titled-Tuesday-Blitz-January-23-2024"]
[Site "Chess.com"]
[Date "2024.01.23"]
[Round "3"]
[White "Mihajlovskij"]
[Black "TheoSlade"]
[Result "1-0"]
[WhiteElo "2231"]
[BlackElo "2451"]
[TimeControl "180+1"]
[EndTime "8:26:56 PST"]
[Termination "Mihajlovskij won by resignation"]

1. e4 e5 2. Nf3 Nc6 3. Bb5 g6 4. O-O Bg7 5. c3 a6 6. Ba4 b5 7.
Bb3 Nge7 8. d4 exd4 9. cxd4 d6 10. Bg5 h6 11. Be3 Bg4 12. h3 Bxf3 13. Qxf3 O-O 14.
Rd1 Na5 15. Bc2 Nc4 16. Bc1 Qb8 17. b3 Na5 18. Bb2 c5 19. Nc3 Bxd4 20. Rxd4 cxd4 21. Ne2 Nac6 22. Qf6 Kh7 23. Nxd4 Ne5 24. Qxe7 Qd8 25.
Qb7 Qd7 26. Qd5 Rac8 27. Ba3 Rfd8 28. f4 Nc6 29. Nxc6 Rxc6 30. Bd3 Rdc8 31. Rd1 Qa7+ 32. Kh2 Qe3 33. Qxf7+ Kh8 34. Bb2+ Rc3 35. Qf6+ Kh7 36. Bxc3 Rxc3 37. Qxc3 Qxf4+ 38. Kh1 1-0

[Event "Early-Titled-Tuesday-Blitz-January-23-2024"]
[Site "Chess.com"]
[Date "2024.01.23"]
[Round "3"]
[White "Kiborg95"]
[Black "JuniorJumper"]
[Result "1-0"]
[WhiteElo "2866"]
[BlackElo "2566"]
[TimeControl "180+1"]
[EndTime "8:26:57 PST"]
[Termination "Kiborg95 won by resignation"]

1. e4 e5 2. Nf3 Nc6 3. Bc4 Nf6 4. d3 Be7 5. Nc3 O-O 6. h3 d6 7. a4 Be6 8. Nd5 Bxd5 9. exd5 Nb8 10. a5 a6 11. O-O Nbd7 12. d4 e4 13. Nd2 c6 14.
Re1 cxd5 15. Bb3 Rc8 16. f3 Re8 17. fxe4 dxe4 18. Nxe4 Nxe4 19. Rxe4 d5 20. Re2 Nf6 21. c3 Ne4 22. Qd3 f5 23. g4 g6 24. gxf5 gxf5 25. Bf4 Bg5 26. Bxg5 Nxg5 27. Rxe8+ Qxe8 28. Qg3 Qg6 29. Bxd5+ Kg7 30. h4 Nf3+ 31. Kf2 Nd2 32. Qe5+ Kh6 33.
Qf4+ Kh5 34. Rg1 Qh6 35. Bf7+ 1-0

[Event "Early-Titled-Tuesday-Blitz-January-23-2024"]
[Site "Chess.com"]
[Date "2024.01.23"]
[Round "3"]
[White "Airquake"]
[Black "KnightmareJoker"]
[Result "1-0"]
[WhiteElo "2537"]
[BlackElo "2137"]
[TimeControl "180+1"]
[EndTime "8:26:57 PST"]
[Termination "Airquake won by resignation"]

1. b3 d5 2. Bb2 Nf6 3. Nf3 c5 4. g3 Nc6 5. Bg2 Bf5 6. O-O e6 7.
d3 Bd6 8. Nbd2 O-O 9. Re1 d4 10. e4 dxe3 11. fxe3 Bg6 12. Qe2 Bc7 13. Rf1 Nb4 14.
Nc4 Nd7 15. Nh4 Nd5 16. e4 N5f6 17. Nxg6 hxg6 18. e5 Nd5 19. Ne3 N7b6 20. Nxd5 exd5 21. e6 Qe7 22. exf7+ Rxf7 23. Qg4 g5 24. Rxf7 Kxf7 25. Bc3 Kg8 26. Re1 Qf7 27. Qxg5 Bd8 28. Re8+ Kh7 29. Qg4 Bf6 30. Qh3+ Kg6 31. Bf3 Bxc3 32. Bh5+ Kf6 33. Qf1+ 1-0

[Event "Early-Titled-Tuesday-Blitz-January-23-2024"]
[Site "Chess.com"]
[Date "2024.01.23"]
[Round "3"]
[White "SmirnovTimofey2000"]
[Black "RaneshRatnesan"]
[Result "0-1"]
[WhiteElo "1952"]
[BlackElo "2333"]
[TimeControl "180+1"]
[EndTime "8:26:58 PST"]
[Termination "RaneshRatnesan won on time"]

1. e4 c5 2. c3 d5 3. exd5 Qxd5 4. d4 cxd4 5. cxd4 Nc6 6. Nf3 e5 7. Nc3 Bb4 8. a3 Bxc3+ 9. bxc3 exd4 10. Nxd4 Nf6 11.
Nxc6 Qxc6 12. Qf3 Qxf3 13. gxf3 O-O 14. Be3 Be6 15. Bb5 a6 16. Ba4 Rac8 17. Bd4 Bd5 18. Rg1 Rfe8+ 19. Kd2 Re6 20. Rab1 Bxf3 21. Rbe1 Rxe1 22. Rxe1 b5 23. Bb3 Re8 24. Bxf6 Rxe1 25. Kxe1 gxf6 26. Kd2 Kg7 27. Ke3 Bg2 28. Kf4 Kg6 29.
Bc2+ Kg7 30. Bd1 Bd5 31. Bg4 Be6 32. Bf3 Bc4 0-1

[Event "Early-Titled-Tuesday-Blitz-January-23-2024"]
[Site "Chess.com"]
[Date "2024.01.23"]
[Round "3"]
[White "LuminaryHunter"]
[Black "Slovineanu"]
[Result "1-0"]
[WhiteElo "2278"]
[BlackElo "2386"]
[TimeControl "180+1"]
[EndTime "8:26:59 PST"]
[Termination "LuminaryHunter won by resignation"]

1. e4 e5 2. Nf3 Nc6 3. Bb5 a6 4. Ba4 Bc5 5. Bxc6 dxc6 6. Nxe5 Bxf2+ 7. Kxf2 Qd4+ 8. Kf1 Qxe5 9. Nc3 Qd4 10. Qf3 Nf6 11. d3 Bg4 12. Qg3 O-O-O 13. Be3 Qb4 14. Rb1 h5 15. h3 h4 16. Qf2 Be6 17. Bc5 Qa5 18.
a4 Nh5 19. b4 Ng3+ 20. Kg1 Qb6 21. Bxb6 cxb6 22. Qxb6 f5 23. b5 axb5 24. axb5 Bd7 25.
Ra1 1-0

[Event "Early-Titled-Tuesday-Blitz-January-23-2024"]
[Site "Chess.com"]
[Date "2024.01.23"]
[Round "3"]
[White "Meri-Arabidze"]
[Black "Indianlad"]
[Result "0-1"]
[WhiteElo "2712"]
[BlackElo "2987"]
[TimeControl "180+1"]
[EndTime "8:27:02 PST"]
[Termination "Indianlad won on time"]

1. Nf3 g6 2. b3 Bg7 3. d4 f5 4. Bb2 Nf6 5. g3 O-O 6. Bg2 d6 7. O-O c6 8. c4 a5 9. Nc3 Na6 10. Re1 Ne4 11. Qb1 d5 12. e3 Nc7 13. Ne5 Be6 14.
Qc2 Kh8 15. Rac1 Ne8 16. Ba3 N8d6 17. Ne2 g5 18. cxd5 Bxd5 19. f3 Nf6 20. Nc3 Bg8 21. Rcd1 b5 22. Bb2 Rc8 23. e4 fxe4 24. fxe4 c5 25.
d5 c4 26. Nc6 Qb6+ 27. Kh1 Ng4 28. Rd2 Nf2+ 29. Rxf2 Rxf2 30. Ne2 Rcf8 31. Bxg7+ Kxg7 32. e5 Nf5 33. Qe4 Qe3 34. d6 Qxe4 35. Bxe4 exd6 36. Kg1 Ne3 37. Nf4 R2xf4 38. gxf4 d5 39. Bg2 gxf4 0-1

[Event "Early-Titled-Tuesday-Blitz-January-23-2024"]
[Site "Chess.com"]
[Date "2024.01.23"]
[Round "3"]
[White "chessS1r"]
[Black "dmosesov"]
[Result "1-0"]
[WhiteElo "2473"]
[BlackElo "2628"]
[TimeControl "180+1"]
[EndTime "8:27:03 PST"]
[Termination "chessS1r won on time"]

1. d4 Nf6 2. c4 c5 3. d5 e6 4. Nf3 exd5 5. cxd5 d6 6. Bf4 g6 7. e4 Bg7 8. Nc3 O-O 9. Be2 b5 10. Bxb5 Nxe4 11. Nxe4 Qa5+ 12. Qd2 Qxb5 13. Nxd6 Qxb2 14. Qxb2 Bxb2 15. Rb1 Bc3+ 16. Bd2 Bxd2+ 17. Kxd2 Na6 18. Kc3 Nb4 19. Kc4 Rd8 20. a3 Ba6+ 21. Kxc5 Nd3+ 22. Kc6 Nxf2 23. Rhe1 Bd3 24. Rb7 Rf8 25. Ree7 Ng4 26. Ng5 Ba6 27. Rbc7 1-0

[Event "Early-Titled-Tuesday-Blitz-January-23-2024"]
[Site "Chess.com"]
[Date "2024.01.23"]
[Round "3"]
[White "Boxerandchessplayer"]
[Black "rezamahdavi2008"]
[Result "0-1"]
[WhiteElo "2259"]
[BlackElo "2841"]
[TimeControl "180+1"]
[EndTime "8:27:04 PST"]
[Termination "rezamahdavi2008 won on time"]

1. d4 Nf6 2. c4 e6 3. Nc3 Bb4 4. g3 d5 5. Bg2 O-O 6. Nf3 dxc4 7. O-O Nc6 8. e3 Rb8 9. Nd2 e5 10. a3 Bxc3 11. bxc3 Be6 12. Qe2 Na5 13. a4 Re8 14.
Ba3 Bd5 15. Bb4 Bxg2 16. Kxg2 Nc6 17. Qxc4 exd4 18. cxd4 Nd5 19. Bc5 Rxe3 20. Rfe1 Rxe1 21. Rxe1 Qd7 22. Nf3 f6 23. Nd2 Rd8 24. Rb1 Na5 25. Qc2 b6 26. Ba3 Qc6 27. Qxc6 Nxc6 28. Rc1 Nxd4 29.
Nc4 c5 30. a5 Kf7 31. axb6 axb6 32. Nxb6 Nxb6 33. Bxc5 Na4 34. Bxd4 Rxd4 35. Rc7+ Kg6 36. h4 h5 37. Ra7 Nc5 38. Ra5 Ne4 39. Ra2 Rd2 40.
Rxd2 Nxd2 0-1

[Event "Early-Titled-Tuesday-Blitz-January-23-2024"]
[Site "Chess.com"]
[Date "2024.01.23"]
[Round "3"]
[White "Msb2"]
[Black "Martial2008"]
[Result "1-0"]
[WhiteElo "3057"]
[BlackElo "2673"]
[TimeControl "180+1"]
[EndTime "8:27:04 PST"]
[Termination "Msb2 won by resignation"]

1. d4 Nf6 2. c4 e6 3. Nc3 Bb4 4. e3 O-O 5. Bd2 d5 6. Nf3 b6 7. cxd5 exd5 8. Rc1 a6 9. Bd3 Bb7 10. O-O Bd6 11. Ne5 c5 12. f4 Nc6 13. Ng4 Be7 14.
Nxf6+ Bxf6 15. dxc5 bxc5 16. b3 Nb4 17. Bb1 Re8 18.
Na4 d4 19. Nxc5 dxe3 20. Bxb4 e2 21. Qxd8 Raxd8 22. Nxb7 exf1=Q+ 23. Kxf1 Rb8 24. Nd6 Red8 25. Ba3 Be7 26. Nc4 Bxa3 27. Nxa3 Rd4 28. g3 Rbd8 29. Nc4 Rd1+ 30. Rxd1 Rxd1+ 31. Ke2 Rxb1 32. Kd3 Rh1 33. a4 Rxh2 34. b4 Rh3 35. b5 Rxg3+ 36. Kc2 axb5 37. axb5 Rg2+ 38. Kc3 Re2 39. Ne5 Re1 40. Kc2 Re2+ 41. Kb3 Re1 42. Kb2 Re4 43. Kb3 Rxf4 44. b6 Rd4 45.
Nc6 Re4 46. b7 Re8 47. Ne7+ Kf8 48. Nc8 Re1 49. Kc2 Re2+ 50. Kc3 Re3+ 51. Kc4 Re4+ 52.
Kc5 Re5+ 53. Kc6 Re6+ 54. Nd6 Ke7 55. b8=Q h5 56. Qe8+ Kf6 57. Qxf7+ Ke5 58. Qf5+ Kd4 59. Qxe6 1-0

[Event "Early-Titled-Tuesday-Blitz-January-23-2024"]
[Site "Chess.com"]
[Date "2024.01.23"]
[Round "3"]
[White "Der_Balak_3Halak"]
[Black "francyIM"]
[Result "0-1"]
[WhiteElo "2316"]
[BlackElo "2804"]
[TimeControl "180+1"]
[EndTime "8:27:04 PST"]
[Termination "francyIM won by resignation"]

1. e4 c6 2. Nf3 Na6 3. d4 d5 4. Nc3 Nc7 5. Bf4 Ne6 6. Bg3 dxe4 7.
Nxe4 Nf6 8. Bd3 Nxd4 9. Nxf6+ exf6 10. Nxd4 Qxd4 11. O-O Be7 12. Re1 Be6 13. a4 Rd8 14. a5 O-O 15. a6 b6 16. Re3 Qxb2 17. Ra4 g6 18. Rh4 f5 19. Be5 Qxe5 20. Rxe5 Bxh4 21. Qf3 Bd5 22. Qh3 Bf6 23. Re3 Rfe8 24. Bxf5 gxf5 25.
Qxf5 Bg7 26. h4 Rxe3 27. fxe3 h6 28. Kf2 Bc4 29. g4 Bxa6 30. g5 hxg5 31. hxg5 Bc8 32. Qf4 Be6 33. c4 Rc8 34. Qd6 Bxc4 35. g6 fxg6 36.
Qxg6 Bf7 37. Qe4 Bd5 38. Qe7 a5 39. e4 Bf7 40. Qd7 Rf8 41. Qxc6 Bd5+ 0-1

[Event "Early-Titled-Tuesday-Blitz-January-23-2024"]
[Site "Chess.com"]
[Date "2024.01.23"]
[Round "3"]
[White "Hikaru"]
[Black "monomita"]
[Result "1-0"]
[WhiteElo "3306"]
[BlackElo "2829"]
[TimeControl "180+1"]
[EndTime "8:27:05 PST"]
[Termination "Hikaru won on time"]

1. Nf3 Nf6 2. b3 d5 3. c4 dxc4 4. bxc4 e5 5. Bb2 e4 6. Nd4 Bc5 7. Nb3 Be7 8. g3 Be6 9. Nd4 Bxc4 10. Qa4+ b5 11. Nxb5 Bxb5 12. Qxb5+ Nbd7 13. Qa4 O-O 14. Bg2 Rb8 15. Qc2 Nc5 16. Nc3 Ne6 17. Nxe4 Nxe4 18.
Bxe4 Nd4 19. Bxd4 Qxd4 20. Rb1 Rxb1+ 21. Qxb1 Bb4 22. O-O Qxd2 23. Bxh7+ Kh8 24. Bd3 Bd6 25. Rc1 Qa5 26. Rc2 g6 27. Rb2 Kg7 28. Rb5 Qc3 29. Rb3 Qd4 30. e3 Qe5 31. Qc2 Rh8 32. Rb5 Qa1+ 33.
Kg2 Rh5 34. Rxh5 gxh5 35. h4 Qe5 36. Be4 c5 37. Bf3 Be7 38. Qa4 Qc7 39. Bxh5 c4 40. Bf3 1-0

[Event "Early-Titled-Tuesday-Blitz-January-23-2024"]
[Site "Chess.com"]
[Date "2024.01.23"]
[Round "3"]
[White "GatoRojo150"]
[Black "Hovik_Hayrapetyan"]
[Result "0-1"]
[WhiteElo "2603"]
[BlackElo "2841"]
[TimeControl "180+1"]
[EndTime "8:27:05 PST"]
[Termination "Hovik_Hayrapetyan won by resignation"]

1. e4 c5 2. Nf3 d6 3. Nc3 Nf6 4.
Bc4 a6 5. d4 cxd4 6. Nxd4 e6 7.
Bb3 b5 8. Bg5 Nbd7 9. O-O Nc5 10. Re1 Bb7 11. Bd5 Qc8 12. Qf3 Be7 13. Nf5 exf5 14. Bxf6 Bxf6 15. b4 Bxd5 16. exf5+ Be6 17. bxc5 O-O 18. fxe6 fxe6 19. Ne4 Bxa1 20. Qg4 Be5 21. g3 dxc5 22. Ng5 Bd4 23. Rxe6 Rxf2 24. Kh1 Qb7+ 25.
Qe4 Qxe4+ 26. Nxe4 Rxc2 0-1